 Dungeon Crawl Stone Soup version 0.27-b1-41-gafb5482f4b (webtiles) character file.

Game seed: 13429477370595610816

156 asterach the Vexing (level 5, 0/21 HPs)
             Began as a Felid Enchanter on July 29, 2021.
             Was a Plaything of Xom.
             Killed from afar by a white imp (10 damage)
             ... with a puff of frost
             ... on level 4 of the Dungeon.
             The game lasted 00:30:08 (5223 turns).

asterach the Vexing (Felid Enchanter)               Turns: 5223, Time: 00:30:08

Health: 0/21       AC:  1    Str: 12    XL:     5   Next: 14%
Magic:  1/10       EV: 18    Int: 17    God:    Xom [....*.]
Gold:   122        SH:  0    Dex: 17    Spells: 3/9 levels left
                                        Lives:  0   Deaths: 1

rFire    + . .     SeeInvis +     - Unarmed
rCold    . . .     Faith    .   (shield unavailable)
rNeg     . . .     Spirit   .   (armour unavailable)
rPois    +         Reflect  .   (helmet unavailable)
rElec    .         Harm     .   (cloak unavailable)
rCorr    .         Rampage  .   (gloves unavailable)
Will     +....                  (boots unavailable)
Stlth    ++++......             (no amulet)
HPRegen  0.07/turn              d - ring of Beogh's Respect {rPois rF+ Will+ Str+8 Stlth+}
MPRegen  0.12/turn              (no ring)

@: quick
A: very small, claws 1, fangs 3, see invisible, speed 1, shaggy fur 1, stealthy
paws, no weapons or thrown items, no armour, multi-lived
a: Renounce Religion


You were on level 4 of the Dungeon.
You worshipped Xom.
You were a beloved toy of Xom.
You visited 1 branch of the dungeon, and saw 4 of its levels.

You collected 122 gold pieces.

Inventory:

Jewellery
 d - the ring of Beogh's Respect (left paw) {rPois rF+ Will+ Str+8 Stlth+}
   (You acquired it on level 2 of the Dungeon)

   [ring of poison resistance]

   Str:       It affects your strength (+8).
   rF:        It protects you from fire.
   rPois:     It protects you from poison.
   Will:      It increases your willpower.
   Stlth:     It makes you more stealthy.
Scrolls
 c - 2 scrolls of noise {unknown}
 e - 3 scrolls of identify
 h - a scroll of brand weapon {unknown}
Potions
 a - a potion of brilliance {unknown}
 b - a potion of flight {unknown}
 f - a potion of haste
 g - a potion of ambrosia


   Skills:
 * Level 0.9 Fighting
 + Level 3.4 Dodging
 + Level 5.1 Stealth
 + Level 2.1 Unarmed Combat
 + Level 2.9 Spellcasting
 + Level 5.7 Hexes
 + Level 1.6 Ice Magic


You had 3 spell levels left.
You knew the following spells:

 Your Spells              Type           Power      Damage    Failure   Level
a - Corona                Hex            23%        N/A       1%          1
b - Ensorcelled Hibernat  Hex/Ice        28%        N/A       6%          2
c - Tukima's Dance        Hex            21%        N/A       4%          3

Your spell library contained the following spells:

 Spells                   Type           Power      Damage    Failure   Level
 Confusing Touch          Hex            21%        N/A       4%          3
 Dazzling Flash           Conj/Hex       24%        N/A       16%         3
 Sublimation of Blood     Necr           1%         N/A       26%         2
 Petrify                  Tmut/Erth      2%         N/A       87%         4
 Blade Hands              Tmut           1%         N/A       99%         5
 Irradiate                Conj/Tmut      1%         3d13      99%         5
 Iron Shot                Conj/Erth      1%         9d1       100%        6
 Animate Armour           Summ/Erth      Unusable   N/A       N/A         4

Dungeon Overview and Level Annotations

Branches:
Dungeon (4/15)             Temple (0/1) D:4

Altars:
Xom

Annotations:
D:4 Menkaure


Innate Abilities, Weirdness & Mutations

You have sharp claws.
You have razor-sharp teeth.
You have supernaturally acute eyesight. (SInv)
You cover ground quickly. (Speed+)
You are covered in fur. (AC +1)
Your paws help you pounce on unaware monsters.
You are incapable of wielding weapons or throwing items.
You cannot wear armour.
You gain extra lives every three experience levels.


Message History

An orc comes into view. It is wielding a +0 hand axe.
The orc barely misses you. x2
The helpless orc priest fails to defend itself.
You mangle the orc priest!!
You kill the orc priest!
You have reached level 5!
You feel clever.
Casting: Corona (safe; 1% risk of failure)
Confirm with . or Enter, or press ? or * to list all spells.
Aiming: Ensorcelled Hibernation (safe; 6% risk of failure)
Press: ? - help, Shift-Dir - straight line, f - orc
Aim: an orc, wielding a +0 dagger (chance to affect: 62%)
The orc looks drowsy...
The orc closely misses you.
You pounce on the unaware helpless orc!
You mangle the orc!!
You kill the orc!
The orc hits you with a +0 hand axe. The orc misses you.
Casting: Ensorcelled Hibernation (safe; 6% risk of failure)
Confirm with . or Enter, or press ? or * to list all spells.
Aiming: Ensorcelled Hibernation (safe; 6% risk of failure)
Press: ? - help, Shift-Dir - straight line, f - orc
Aim: an orc, wielding a +0 hand axe and wearing a +0 leather armour (chance to affect: 62%)
The orc looks drowsy...
The orc completely misses you.
You pounce on the unaware helpless orc!
You claw the orc!
You kill the orc!
The orc barely misses you.
Casting: Ensorcelled Hibernation (safe; 6% risk of failure)
Confirm with . or Enter, or press ? or * to list all spells.
Aiming: Ensorcelled Hibernation (safe; 6% risk of failure)
Press: ? - help, Shift-Dir - straight line, f - orc
Aim: an orc, wielding a +0 hand axe (chance to affect: 62%)
The orc looks drowsy...
The white imp hits you. The white imp freezes you.
The helpless orc fails to defend itself.
You mangle the orc!!
You kill the orc!
The white imp barely misses you.
Things that are here:
a +0 hand axe; an orc corpse The white imp gestures at you.
The puff of frost hits you!
You die...

......>.# ..S.....#
......# ....#. #..:#
.......## #...#
.>o..#..# ........#
......... ..$.....#
.....#..#####+###....
........#...@...####.
.#.#.#.)#5...........#
.......).............#
.....................#
....................
....................
...........>....####
#################


You could see a white imp.

Vanquished Creatures
  2 orc priests
  An orc wizard (D:3)
  A gnoll (D:4)
  An adder (D:2)
  An adder skeleton (D:2)
  2 dart slugs
  10 orcs
  6 ball pythons
  4 endoplasms
  2 giant cockroaches
  A goblin (D:2)
  7 hobgoblins
  5 jackals
  2 quokkas
  3 bats
  5 frilled lizards
  8 kobolds
  3 rats
64 creatures vanquished.

Vanquished Creatures (collateral kills)
  A gnoll shaman (D:4)
  3 gnolls (D:4)
4 creatures vanquished.

Vanquished Creatures (others)
  A plant (D:2)
1 creature vanquished.

Grand Total: 69 creatures vanquished

Notes
Turn   | Place    | Note
-------+----------+-------------------------------------------
     0 | D:1      | asterach the Felid Enchanter began the quest for the Orb.
     0 | D:1      | Reached XP level 1. HP: 7/7 MP: 4/4
   612 | D:1      | Reached XP level 2. HP: 11/11 MP: 3/6
  1222 | D:1      | Reached skill level 5 in Hexes
  1797 | D:1      | Learned a level 2 spell: Ensorcelled Hibernation
  2001 | D:2      | Reached XP level 3. HP: 14/14 MP: 2/7
  2727 | D:2      | Found a faded altar of an unknown god.
  2736 | D:2      | Became a worshipper of Xom of Chaos
  3061 | D:2      | XOM: silly message
  3185 | D:2      | Identified a scroll of acquirement
  3185 | D:2      | Acquired the ring of Beogh's Respect {rPois rF+ Will+ Str+8
                  | Stlth+}
  3581 | D:3      | XOM: 1-stop teleportation journey
  3759 | D:3      | Reached XP level 4. HP: 18/18 MP: 5/8
  3992 | D:3      | XOM: potion effect (curing)
  4002 | D:3      | XOM: potion effect (brilliance)
  4010 | D:3      | XOM: potion effect (curing)
  4084 | D:3      | Reached skill level 1 in Ice Magic
  4165 | D:3      | XOM: silly message
  4370 | D:3      | Slain by an orc
  4371 | D:3      | Reached XP level 3. HP: -2/14 MP: 7/7
  4588 | D:3      | Reached XP level 4. HP: 18/18 MP: 3/8
  4674 | D:3      | XOM: divination: magic mapping
  4854 | D:4      | Learned a level 3 spell: Tukima's Dance
  4897 | D:4      | XOM: divination: detect creatures
  4924 | D:4      | Noticed Menkaure
  5141 | D:4      | XOM: 3-stop teleportation journey
  5159 | D:4      | Reached skill level 5 in Stealth
  5206 | D:4      | Found a staircase to the Ecumenical Temple.
  5206 | D:4      | XOM: 2-stop teleportation journey
  5209 | D:4      | XOM: enchant monster (good)
  5214 | D:4      | Reached XP level 5. HP: 18/21 MP: 6/10
  5223 | D:4      | Killed from afar by a white imp

Illustrated notes

Levels and vault maps discovered:
D:1:      giann_forest_graveyard, layout_basic, serial_park_tiny_2,
          minmay_3d_cube
D:2:      layout_basic, chequers_ecumenical_altar_simple, serial_bayou_pond_e
D:3:      layout_basic
D:4:      layout_gridville, minmay_temple_entry_glass, uniq_menkaure

Skill      XL: |  1  2  3  4 |
---------------+-------------+-----
Dodging        | 3 |  3.4
Hexes          | 5 |  5.7
Ice Magic      | 1 |  1.6
Unarmed Combat | 2 |  2.1
Stealth        | 5 |  5.1
Fighting       | |  0.9
Spellcasting   | |  2.9

Action                   |  1- 3 |  4- 6 || total
-------------------------+-------+-------++-------
Melee: Unarmed           |   125 |    41 ||   166
       Punch             |     1 |     1 ||     2
       Bite              |     9 |     2 ||    11
 Cast: Corona            |    30 |     9 ||    39
       Ensorcelled Hiber |    23 |     9 ||    32
       Tukima's Dance    |       |     2 ||     2
  Use: Scroll            |     1 |     2 ||     3
       Potion            |       |     2 ||     2
 Stab: Sleeping          |    20 |     5 ||    25
       Distracted        |     1 |     1 ||     2
       Paralysed         |       |     1 ||     1
Armor: Skin              |     9 |     3 ||    12
Dodge: Dodged            |   103 |    35 ||   138
